 Dungeon Crawl Stone Soup version 0.28-a0-1080-g05a166d0ed (webtiles) character file.

Game seed: 609772172383448414

70 ytrimaz the Ducker (level 4, -5/33 HPs)
             Began as a Djinni Gladiator on Dec 9, 2021.
             Was a Follower of the Shining One.
             Slain by a gnoll (8 damage)
             ... on level 2 of the Dungeon.
             The game lasted 00:01:23 (1362 turns).

ytrimaz the Ducker (Djinni Gladiator)               Turns: 1362, Time: 00:01:23

Health: -5/33      AC:  4    Str: 15    XL:     4   Next: 44%
Gold:   18         EV: 13    Int:  9    God:    the Shining One [*.....] SH:  0 Dex: 15

rFire   + + .      SeeInvis .   a - +1 rapier
rCold   x . .      Faith    .   (no shield)
rNeg    . . .      Spirit   .   b - +0 leather armour
rPois   ∞          Reflect  .   c - +0 helmet
rElec   .          Harm     .   (no cloak)
rCorr   .          Rampage  .   (no gloves)
Will    .....                   (boots unavailable)
Stlth   +.........              (no amulet)
HPRegen 0.11/turn               (no ring)
MPRegen 0.00/turn               (no ring)

@: flying, glowing
A: sickness immunity, fire resistance 2, cold vulnerability 1, float, innate
caster, hp casting, extra vitality 1
a: Renounce Religion, Divine Shield


You were on level 2 of the Dungeon.
You worshipped the Shining One.
The Shining One was aware of your devotion.
You visited 1 branch of the dungeon, and saw 2 of its levels.

You collected 18 gold pieces.

Inventory:

Hand Weapons
 a - a +1 rapier (weapon)
Missiles
 d - 2 throwing nets
Armour
 b - a +0 leather armour (worn)
 c - a +0 helmet (worn)
Scrolls
 e - a scroll of immolation {unknown}
 g - a scroll of enchant weapon


   Skills:
 + Level 2.2 Fighting
 + Level 3.5 Short Blades
 - Level 1.5 Throwing
 + Level 3.7 Dodging
 * Level 1.0 Spellcasting
 * Level 0.9 Invocations


You had 4 spell levels left.
You knew the following spells:

 Your Spells              Type           Power      Damage    Failure   Level
a - Magic Dart            Conj           8%         1d3       30%         1
Your spell library was empty.

Dungeon Overview and Level Annotations

Branches:
Dungeon (2/15)

Altars:
The Shining One


Innate Abilities, Weirdness & Mutations

You are immune to sickness and miasma.
You are immune to poison.
Your flesh is very heat resistant. (rF++)
You are vulnerable to cold. (rC-)
You float through the air rather than walking.
You learn spells naturally, not from books.
Your magical power is your life essence.
You have superior vitality. (+4 HP)


Message History

You hit the gnoll.
The gnoll is almost dead.
The gnoll hits you with a +0 spear. The gnoll misses you.
You hit the gnoll but do no damage.
The gnoll is almost dead.
The gnoll closely misses you.
Unknown command.
You hit the gnoll but do no damage.
The gnoll is almost dead.
The gnoll hits you with a +0 spear!
You hit the gnoll.
You kill the gnoll!
Unknown command.
The gnoll misses you.
You see here a hobgoblin corpse.
It was a potion of curing.
You feel better.
Unknown command.
The gnoll hits you with a +0 spear.
You hit the gnoll.
The gnoll is moderately wounded.
The gnoll closely misses you.
You hit the gnoll but do no damage.
The gnoll is moderately wounded.
The gnoll hits you with a +0 spear.
You puncture the gnoll!
The gnoll is almost dead.
The gnoll hits you with a +0 spear.
You hit the gnoll but do no damage.
The gnoll is almost dead.
The gnoll hits you with a +0 spear.
Unknown command.
You hit the gnoll.
You kill the gnoll!
Your Spellcasting skill increases to level 1!
You barely miss the gnoll. The gnoll hits you but does no damage.
The gnoll hits you from afar with a +0 halberd!
* * * LOW HITPOINT WARNING * * *
Unknown command.
You barely miss the gnoll. The gnoll hits you with a +0 club!
You die...

#...# #.##>#.##.##.# #..)#
#..#.#.##.##.#
####...##########.#.........#
...............###.#####.....#
.........)......##...........#
..........g.g...##..####.....#
###.#...#.#####g##..# #.....#
#.#...#.# #g##..############ #
#...#)# #@##..#...........
#...#g# #.##....####..####
#...#.# #.......####..####
#)..g...# ######..##......##
.......## #..##.#..#.##
.#.###. #..##.#...#.# .. #.
#........###. #. .########.#.#
#. . #.#


You could see 2 gnolls.

Vanquished Creatures
  An adder (D:2)
  2 gnolls (D:2)
  3 dart slugs
  6 endoplasms
  2 giant cockroaches (D:1)
  2 goblins
  4 hobgoblins
  2 quokkas
  A ball python (D:1)
  4 bats
  A frilled lizard (D:1)
  3 kobolds
  A rat (D:1)
32 creatures vanquished.

Notes
Turn   | Place    | Note
-------+----------+-------------------------------------------
     0 | D:1      | ytrimaz the Djinni Gladiator began the quest for the Orb.
     0 | D:1      | Reached XP level 1. HP: 18/18 MP: 0/0
   123 | D:1      | Found a faded altar of an unknown god.
   138 | D:1      | Prayed at the altar of an unknown god.
   138 | D:1      | Became a worshipper of the Shining One
   138 | D:1      | Reached * piety under the Shining One
   278 | D:1      | Reached XP level 2. HP: 14/23 MP: 0/0
   666 | D:1      | Reached XP level 3. HP: 28/28 MP: 0/0
   666 | D:1      | Learned a level 1 spell: Magic Dart
  1290 | D:2      | Reached XP level 4. HP: 29/33 MP: 0/0
  1361 | D:2      | Reached skill level 1 in Spellcasting
  1362 | D:2      | Slain by a gnoll

Illustrated notes

Levels and vault maps discovered:
D:1:      tarquinn_simple_flora_water_c, layout_loops_cross,
          chequers_ecumenical_altar_island, minmay_pentomino_t4
D:2:      layout_loops_cross, basic_altar

Skill      XL: |  1  2  3  4 |
---------------+-------------+-----
Short Blades   | 3 |  3.5
Spellcasting   | 1 |  1.0
Fighting       | |  2.2
Throwing       | |  1.5
Dodging        | |  3.7
Invocations    | |  0.9

Action                   |  1- 3 |  4- 6 || total
-------------------------+-------+-------++-------
Melee: Rapier            |    59 |    12 ||    71
Throw: Throwing net      |     2 |       ||     2
 Cast: Magic Dart        |    11 |     5 ||    16
  Use: Potion            |     1 |     1 ||     2
       Scroll            |     1 |       ||     1
Armor: Leather armour    |    13 |     2 ||    15
Dodge: Dodged            |    29 |     4 ||    33

Table legend: (Time is in decaauts)
 A = Elapsed time spent in this place.
 B = Non-inter-level travel time spent in this place.
 C = Inter-level travel time spent in this place.
 D = Time resting spent in this place.
 E = Time spent auto-exploring this place.
 F = Levels seen in this place.
 G = Mean time per level.
                   A        B        C        D        E       F      G
               +--------+--------+--------+--------+--------+-----+--------+
         Total |   1365 |   1337 |     28 |      0 |   1093 |   2 |  682.5 |
       Dungeon |   1365 |   1337 |     28 |      0 |   1093 |   2 |  682.5 |
               +--------+--------+--------+--------+--------+-----+--------+

Top non-repeatable levels by time:
     D:1: 955 daAuts
     D:2: 409 daAuts
